 Dungeon Crawl Stone Soup version 0.18-a0-1577-gf591c28 (webtiles) character file.

23 namelastname112 the Grasshopper (level 2, 19/25 HPs)
             Began as a Draconian Warper on Mar 23, 2016.
             Quit the game on level 1 of the Dungeon.
             The game lasted 00:00:51 (329 turns).

namelastname112 the Grasshopper (Draconian Warper)   Turns: 329, Time: 00:00:52

Health: 19/25      AC:  4    Str: 13    XL:     2   Next: 75%
Magic:  5/5        EV: 12    Int: 13    God:
Gold:   13         SH:  0    Dex: 10    Spells: 1 memorised, 4 levels left

rFire  . . .     SeeInvis +     n - -3 dagger (curse)
rCold  . . .     Gourm    .     (armour unavailable)
rNeg   . . .     Faith    .     (no shield)
rPois  .         Spirit   .     (helmet restricted)
rElec  .         Dismiss  .     (no cloak)
rCorr  .         Reflect  .     (no gloves)
SustAt .         Harm     .     (no boots)
MR     .....     Rnd*Tele +     (no amulet)
Stlth  +.........               l - ring of see invisible
                                j - ring of teleportation (curse)

@: not resistant to hostile enchantments, very unstealthy
A: unfitting armour, cold-blooded, AC +4
a: no special abilities


You were on level 1 of the Dungeon.
You were not hungry.

You visited 1 branch of the dungeon, and saw 1 of its levels.

You collected 13 gold pieces.

Inventory:

Hand Weapons
 a - a +0 spear
 n - a cursed -3 dagger (weapon)
Missiles
 d - 5 tomahawks of dispersal (quivered)
 g - a throwing net
Jewellery
 j - a cursed ring of teleportation (left hand)
 l - a ring of see invisible (right hand)
Scrolls
 c - a scroll of blinking
 h - a scroll of remove curse {unknown}
 m - a scroll of teleportation {unknown}
Potions
 e - a potion of degeneration {unknown}
 i - 2 potions of curing {unknown}
Books
 b - a book of Spatial Translocations

   Spells                             Type                      Level
   a - Apportation                    Translocation                1
   b - Blink                          Translocation                2
   c - Shroud of Golubria             Charms/Translocation         2
   d - Portal Projectile              Translocation                3
   e - Teleport Other                 Translocation                3
   f - Passage of Golubria            Translocation                4
Comestibles
 f - a bread ration
 k - a meat ration


   Skills:
 + Level 2.6 Fighting
 * Level 2.8 Polearms
 - Level 0.8 Throwing
 + Level 2.3 Dodging
 - Level 2.0 Spellcasting
 - Level 3.0 Translocations


You had 4 spell levels left.
You knew the following spells:

 Your Spells              Type           Power        Failure   Level  Hunger
a - Apportation           Tloc           #.........   10%         1    ##.....


Dungeon Overview and Level Annotations

Branches:
Dungeon (1/15)

Altars:


Innate Abilities, Weirdness & Mutations

Your plain brown scales are hard (AC +4).
Your body does not fit into most forms of armour.
You are cold-blooded and may be slowed by cold attacks.


Message History

No target in view!
No target in view!
No target in view!
No target in view!
No target in view!
No target in view!
No target in view!
No target in view!
No target in view!
i - 2 grey potions (gained 1)
You see here a runed dagger.
n - a runed dagger Wield which item (- for none, * to show all)? (? for menu, Esc to quit)
It sticks to your hand!
n - a cursed -3 dagger (weapon)
Drink which item? (? for menu, Esc to quit)
Okay, then.
Are you sure you want to abandon this character and quit the game? (Confirm with "yes".)
Okay, then.
Are you sure you want to abandon this character and quit the game? (Confirm with "yes".)

...#.##..##.#...$.#####..#.#####
....##†...##...?..##..#........#
.................).#..#.##†###.#
.. ...................# #...#
...##....##.........##. #.#.####
..# ##..##.#.[......... #.#.....
.# #..#.#.#......######.######
..#.##...!...#.....###
....##.#.@..#.#.##....#
......#.#..##.# #....####
.....##..# # #........ .....
.#.. #........ .... . ..#
#........ ..## ## #.# #........
.. .# #......†. .# #..[.....
..#........


There were no monsters in sight!

Vanquished Creatures
  A dart slug (D:1)
  A giant gecko (D:1)
  A giant cockroach (D:1)
  4 hobgoblins (D:1)
  4 jackals (D:1)
  A kobold (D:1)
  A giant newt (D:1)
  6 rats (D:1)
19 creatures vanquished.

Notes
Turn   | Place    | Note
--------------------------------------------------------------
     0 | D:1      | namelastname112 the Draconian Warper began the quest for the Orb.
     0 | D:1      | Reached XP level 1. HP: 17/17 MP: 3/3
     6 | D:1      | Noticed a killer bee
     7 | D:1      | Noticed a black bear
     7 | D:1      | Noticed a swamp drake
   171 | D:1      | Reached XP level 2. HP: 20/25 MP: 5/5
   329 | D:1      | Quit the game

Vault maps used:
D:1:      onia_arrival_zoo_common, minmay_misc_feat_secret_circle

Action                   || total
-------------------------++-------
Melee: Spear             ||    71
 Stab: Sleeping          ||     1
